 Dungeon Crawl Stone Soup version 0.31-a0-986-g5e6e4ef867 (webtiles) character file.

Game seed: 18385197033871325618

2216 Crabhammer the Martial Artist (level 9, -1/48 HPs)
             Began as an Octopode Shapeshifter on Nov 23, 2023.
             Killed from afar by an acid dragon (32 damage)
             ... with a splash of acid
             ... on level 8 of the Dungeon.
             The game lasted 00:25:54 (6061 turns).

Crabhammer the Martial Artist (OpSh)                Turns: 6061, Time: 00:25:54

Health: -1/48      AC:  1    Str: 14    XL:     9   Next: 35%
Magic:  9/9        EV: 18    Int: 12    God:
Gold:   369        SH:  0    Dex: 15    Spells: 8/8 levels left

rFire   . .          .
                       - Unarmed
rCold   . . .        (shield currently unavailable)
rNeg    . . .        (helmet restricted)
rPois   .            (no amulet)
rElec   .            r - +5 ring of evasion
rCorr   .            s - ring of wizardry
SInv    .            (no ring)
Will    .....        (no ring)
Stlth   +            (no ring)
HPRegen 0.28/turn    (no ring)
MPRegen 0.11/turn    (no ring)
                     (no ring)

%: wizardry (x1)
@: flux-form, glowing
A: glow, contaminating, reduced hp, almost no armour, amphibious, 8 rings,
camouflage 1, gelatinous body 1, (nimble swimmer 1), tentacles
a: Begin Untransformation


You were on level 8 of the Dungeon.
You were something dangerously unstable.
You visited 1 branch of the dungeon, and saw 7 of its levels.

You collected 369 gold pieces.

Inventory:

Hand Weapons
 p - the +6 short sword "Huepowy" {pain, *Corrode rElec Dex-3 SInv}
   (You found it on level 3 of the Dungeon)

   Dex-3:     It affects your dexterity (-3).
   rElec:     It insulates you from electricity.
   SInv:      It lets you see invisible.
   *Corrode:  It may corrode you when you take damage.
 C - the +6 long sword "Ypraam" {spect, Dex+2}
   (You took it off a kobold on level 8 of the Dungeon)

   Dex+2:     It affects your dexterity (+2).
Missiles
 h - 11 poisoned darts
 o - 4 boomerangs (quivered)
 t - 7 javelins
 x - a throwing net
 A - 8 atropa-tipped darts
 H - a curare-tipped dart
Jewellery
 r - a +5 ring of evasion (left tentacle)
 s - a ring of wizardry (right tentacle)
Talismans
 b - a beast talisman
 c - a flux talisman (active)
 y - a blade talisman
Wands
 z - a wand of acid (3)
 E - a wand of mindburst (15)
Scrolls
 d - 2 scrolls of vulnerability {unknown}
 e - 2 scrolls of teleportation {unknown}
 f - a scroll of revelation
 m - a scroll of fear {unknown}
 v - 2 scrolls of poison {unknown}
 w - a scroll of amnesia {unknown}
 D - a scroll of enchant weapon
 G - a scroll of identify
Potions
 a - 3 potions of lignification
 g - 2 potions of heal wounds
 i - a potion of curing
 j - 2 potions of attraction
 k - 2 potions of magic
 l - 3 potions of brilliance
 n - a potion of might
 q - a potion of berserk rage
 u - 2 potions of resistance
 B - a potion of ambrosia
 F - 2 potions of mutation


   Skills:
 + Level 1.0 Fighting
 + Level 2.0 Dodging
 + Level 11.0 Unarmed Combat
 * Level 6.2 Shapeshifting


You had 8 spell levels left.
You didn't know any spells.
Your spell library contained the following spells:

 Spells                   Type           Power      Damage    Failure   Level
 Sublimation of Blood     Necr           0%         N/A       21%         2
 Wereblood                Tmut           0%         N/A       21%         2
 Haunt                    Necr/Summ      0%         N/A       100%        7
 Summon Hydra             Summ           0%         N/A       100%        7
 Borgnjor's Revivificati  Necr           0%         N/A       100%        8
 Death's Door             Necr           0%         N/A       100%        9


Dungeon Overview and Level Annotations

Branches:
Dungeon (8/15)
 Temple: D:4-7         Lair: D:8-11

Altars:
Cheibriados
Hepliaklqana
Kikubaaqudgha
Okawaru
Sif Muna
Uskayaw
Zin

Shops:
D:2 (   D:8 *

Annotations:
D:8 1 runed translucent door, Danienth's ghost, novice TrFi; Psyche


Innate Abilities, Weirdness & Mutations

You are something dangerously unstable.
You glow with magical radiation, making you easy to see and hit.
Foes you strike become dangerously contaminated with magical radiation.
Your maximum health is decreased, since you lack skill for your form.
You are incapable of wielding weapons or throwing items.
You cannot wear most types of armour.
You are amphibious.
You can wear up to eight rings at the same time.
Your skin changes colour to match your surroundings (Stealth+).
Your rubbery body absorbs attacks. (AC +1, EV +1)
((You are camouflaged when in or above water. (Stealth+)))
You have tentacles for arms and can constrict up to eight enemies at once.


Message History

The wyvern closely misses you.
You tentacle-slap the wyvern. Your squeeze misses the wyvern.
The wyvern is almost dead.
The wyvern barely misses you.
You tentacle-slap the wyvern.
You kill the wyvern!
Your Unarmed Combat skill increases to level 11!
You start resting.
HP restored.
Unknown command.
Okay, then.
Unknown command.
You begin transforming.
You continue transforming. x3
Your transformation has ended.
You turn into something dangerously unstable.
Unknown command.
A howler monkey comes into view.
Psyche the Insane Magess comes into view.
She is wielding a +3 dagger of distortion and wearing a +2 robe of resistance.
You open the door.
There is an open door here.
You close the door.
You open the door.
There is an open door here.
You close the door.
Found 5 atropa-tipped darts.
A - 8 atropa-tipped darts (gained 5)
An acid dragon comes into view.
The acid dragon roars!
You can't do that in your present form.
You can't do that in your present form.
The acid dragon spits acid at you. The splash of acid hits you!!
You barely miss the acid dragon. The acid dragon barely misses you.
The acid dragon misses you.
You tentacle-slap the acid dragon but do no damage.
The acid dragon begins to glow.
The acid dragon spits acid at you. The splash of acid hits you!!
Ouch! That really hurt!
You die...

### ##
#.#############.#
#.............p.#
#.#############D#
#.# .# #.# .# #.#
.# #.# .# #.# .#
#.# .# #.#


You could see an acid dragon (contam, catching breath).

Vanquished Creatures
  A wyvern (D:8)
  Grum (D:8)
  A water moccasin (D:5)
  An orc warrior (D:8)
  An ice beast (D:6)
  2 black bears
  4 wolves (D:8)
  2 kobold brigands (D:8)
  2 scorpions
  A bullfrog (D:8)
  2 jellies
  A gnoll bouda (D:6)
  A hound (D:4)
  5 orc priests
  4 iguanas
  4 orc wizards
  13 gnolls
  9 adders
  2 white imps (D:6)
  A dart slug (D:3)
  29 orcs
  6 bats
  2 endoplasms (D:3)
  4 giant cockroaches
  5 goblins
  11 hobgoblins
  2 jackals (D:4)
  2 quokkas (D:3)
  4 ball pythons
  5 frilled lizards
  15 kobolds
  5 rats
148 creatures vanquished.

Notes
Turn   | Place    | Note
-------+----------+-------------------------------------------
     0 | D:1      | Crabhammer the Octopode Shapeshifter began the quest for
                  | the Orb.
     0 | D:1      | Reached XP level 1. HP: 13/13 MP: 1/1
     3 | D:1      | Noticed a minotaur zombie
     8 | D:1      | Noticed a merfolk zombie
    18 | D:1      | Noticed a minotaur zombie
    89 | D:1      | Reached XP level 2. HP: 15/18 MP: 2/2
   179 | D:1      | Found a faded altar of an unknown god.
   494 | D:2      | Found Ewkupim's Antique Weapon Boutique.
   608 | D:2      | Reached skill level 4 in Unarmed Combat
   608 | D:2      | Reached XP level 3. HP: 23/23 MP: 3/3
  1348 | D:3      | Identified the +6 short sword "Huepowy" {pain, *Corrode
                  | rElec Dex-3 SInv}
  1408 | D:3      | Found an iron altar of Okawaru.
  1428 | D:3      | Found a shimmering blue altar of Sif Muna.
  1438 | D:3      | Reached skill level 5 in Unarmed Combat
  1438 | D:3      | Reached XP level 4. HP: 28/28 MP: 4/4
  1459 | D:3      | Reached XP level 5. HP: 27/33 MP: 5/5
  1650 | D:3      | Found a hide-covered altar of Uskayaw.
  1962 | D:3      | Found a snail-covered altar of Cheibriados.
  2169 | D:4      | Reached skill level 6 in Unarmed Combat
  2275 | D:3      | Reached XP level 6. HP: 30/38 MP: 6/6
  2915 | D:4      | Reached skill level 7 in Unarmed Combat
  3095 | D:4      | Reached XP level 7. HP: 33/43 MP: 7/7
  3502 | D:5      | Entered Level 5 of the Dungeon
  3939 | D:5      | Reached skill level 8 in Unarmed Combat
  4059 | D:5      | Found an ancient bone altar of Kikubaaqudgha.
  4103 | D:5      | Reached XP level 8. HP: 22/48 MP: 8/8
  4806 | D:6      | Reached skill level 9 in Unarmed Combat
  4934 | D:6      | Found a hazy altar of Hepliaklqana.
  4941 | D:6      | Reached skill level 5 in Shapeshifting
  5129 | D:6      | You fall into a shaft and drop 2 floors!
  5210 | D:8      | Found a runed translucent door.
  5210 | D:8      | Noticed Danienth's ghost (novice TrFi)
  5266 | D:8      | Noticed Grum
  5271 | D:8      | Reached skill level 10 in Unarmed Combat
  5279 | D:8      | Killed Grum
  5280 | D:8      | Reached XP level 9. HP: 21/53 MP: 9/9
  5459 | D:8      | Found Punkaevi's Assorted Antiques.
  5460 | D:8      | Identified the +6 long sword "Ypraam" {spect, Dex+2}
  5775 | D:8      | Found a glowing silver altar of Zin.
  5800 | D:8      | Reached skill level 11 in Unarmed Combat
  5893 | D:8      | Noticed Psyche
  6061 | D:8      | Killed from afar by an acid dragon

Illustrated notes

Levels and vault maps discovered:
D:1:      shiori_arrival_whats_in_store_for_you, layout_rooms,
          shapermc_ecumenical_altar_mp_ritualfount,
          amcnicky_mini_rare_corridor_liquid
D:2:      layout_basic, serial_shops, shop, glass_columns_a,
          corexii_item_surrounded_by_moat, minmay_hexomino_c4
D:3:      layout_basic, mainiacjoe_overflow_boulevard, general_overflow_altar,
          lemuel_round_altar, mainiacjoe_overflow_paths
D:4:      layout_cave_pods, minmay_misc_feat_secret_circle,
          chequers_serial_rivers_room_b
D:5:      layout_loops_cross, nicolae_overflow_crystal_walls,
          chequers_hall_statues_y
D:6:      minmay_skewed_foursquare, layout_loops_ring,
          mainiacjoe_overflow_brackets, minmay_temple_entry_wispy
D:8:      layout_basic, zin_statuary, hellmonk_ghost_happy_afterlife,
          serial_shops, shop, hangedman_decor_opposing, uniq_amaemon,
          uniq_prince_ribbit1, uniq_psyche, uniq_grum

Skill      XL: |  1  2  3  4  5  6  7  8  9 |
---------------+----------------------------+-----
Unarmed Combat | 4 5 6 7 8 10 11 | 11.0
Shapeshifting  | 4 5 6 |  6.2
Fighting       | |  1.0
Dodging        | |  2.0

Action                     |  1- 3 |  4- 6 |  7- 9 || total
---------------------------+-------+-------+-------++-------
  Melee: Unarmed           |    52 |    97 |   156 ||   305
         Constrict         |    21 |    28 |    30 ||    79
         Tentacles         |    11 |    29 |    33 ||    73
         Punch             |     4 |     5 |     9 ||    18
  Throw: Boomerang         |       |    30 |    17 ||    47
         Dart              |       |     2 |     1 ||     3
         Javelin           |       |       |     4 ||     4
    Use: Scroll            |     2 |     6 |     4 ||    12
         Potion            |       |       |     1 ||     1
   Stab: Sleeping          |     3 |       |     2 ||     5
         Distracted        |       |       |     1 ||     1
 Armour: Skin              |     8 |    31 |    52 ||    91
  Dodge: Dodged            |    22 |    57 |    91 ||   170
   Form: Flux              |       |       |     1 ||     1

Table legend: (Time is in decaauts)
 A = Elapsed time spent in this place.
 B = Non-inter-level travel time spent in this place.
 C = Inter-level travel time spent in this place.
 D = Time resting spent in this place.
 E = Time spent auto-exploring this place.
 F = Levels seen in this place.
 G = Mean time per level.
                   A        B        C        D        E       F      G
               +--------+--------+--------+--------+--------+-----+--------+
         Total |   6039 |   5464 |    575 |   1241 |   2180 |   7 |  862.7 |
       Dungeon |   6039 |   5464 |    575 |   1241 |   2180 |   7 |  862.7 |
               +--------+--------+--------+--------+--------+-----+--------+

Top non-repeatable levels by time:
     D:4: 1251 daAuts
     D:5: 1097 daAuts
     D:3: 1023 daAuts
     D:8: 920 daAuts
     D:2: 865 daAuts
     D:1: 458 daAuts
     D:6: 423 daAuts
